 Dungeon Crawl Stone Soup version 0.30-a0-595-g91969c0 (webtiles) character file.

Game seed: 1522214172199116024

9950 bigbaby the Thaumaturge (level 11, -3/79 HPs)
             Began as a Black Draconian Earth Elementalist on Jan 6, 2023.
             Was an Elder of Lugonu.
             Succumbed to a kobold brigand's poison
             ... in a bailey.
             The game lasted 00:17:37 (12609 turns).

bigbaby the Thaumaturge (DrEE)                     Turns: 12609, Time: 00:17:37

Health: -3/79      AC: 12    Str: 10    XL:     11   Next: 29%
Magic:  22/25      EV: 27    Int: 24    God:    Lugonu [****..]
Gold:   481        SH:  0    Dex: 10    Spells: 28/31 levels left

rFire   . . .      SeeInvis +    h - staff of earth
rCold   . . .      Faith    .    (no shield)
rNeg    . . .      Spirit   .    (body armour unavailable)
rPois   .          Reflect  .    (helmet restricted)
rElec   +          Harm     .    o - +2 cloak
rCorr   .          Rampage  .    (no gloves)
Will    .....                    q - +1 pair of boots
Stlth   ++                       g - amulet of the acrobat
HPRegen 0.33/turn                i - ring of wizardry
MPRegen 0.19/turn                f - ring of see invisible

@: lethally poisoned (-3 -> -15), acrobatic, slowed, very slow
A: breathe lightning, AC +7, unfitting armour, electricity resistance,
cold-blooded, clever 1, mutation resistance 1, inability to drink after injury 1
a: Breathe Lightning, Renounce Religion, Depart the Abyss, Banish, Corrupt


You were in a bailey.
You worshipped Lugonu.
Lugonu was greatly pleased with you.
You visited 1 branch of the dungeon, and saw 10 of its levels.
You also visited: Bailey.

You collected 481 gold pieces.

Inventory:

Hand Weapons
 c - a +0 club
 e - a +1 mace
 n - the +3 whip "Jellyslayer" {vamp, rCorr}
   (You found it on level 6 of the Dungeon)

   rCorr:     It protects you from acid and corrosion.
Armour
 o - a +2 cloak (worn)
 q - a +1 pair of boots (worn)
 y - the +5 tower shield "Luar" {rPois rF++ rC- Will+}
   (You found it on level 8 of the Dungeon)

   rF:        It greatly protects you from fire.
   rC:        It makes you vulnerable to cold.
   rPois:     It protects you from poison.
   Will:      It increases your willpower.
Magical Staves
 h - a staff of earth (weapon)
Jewellery
 f - a ring of see invisible (right hand)
 g - an amulet of the acrobat (around neck)
 i - a ring of wizardry (left hand)
 r - a +6 ring of dexterity
Wands
 v - a wand of paralysis (8)
 z - a wand of flame (13)
 C - a wand of polymorph (3)
Scrolls
 d - a scroll of immolation
 j - a scroll of enchant weapon
 m - 6 scrolls of teleportation
 s - 5 scrolls of identify
 t - a scroll of fear
 x - a scroll of summoning
 A - a scroll of amnesia
Potions
 a - 2 potions of magic
 b - 2 potions of ambrosia
 k - 2 potions of curing
 l - a potion of cancellation
 p - 2 potions of heal wounds
 u - a potion of brilliance
 B - a potion of haste


   Skills:
 + Level 1.9 Fighting
 + Level 0.4 Staves
 + Level 3.5 Dodging
 + Level 3.6 Stealth
 * Level 10.6 Spellcasting
 + Level 1.0 Transmutations
 * Level 9.1 Earth Magic
 * Level 5.4 Invocations
 * Level 5.3 Evocations


You had 28 spell levels left.
You knew the following spells:

 Your Spells              Type           Power      Damage    Failure   Level
a - Sandblast             Erth           100%       2d20      1%          1
b - Passwall              Tmut/Erth      45%        N/A       1%          2

Your spell library contained the following spells:

 Spells                   Type           Power      Damage    Failure   Level
 Stone Arrow              Conj/Erth      100%       3d13      1%          3
 Petrify                  Tmut/Erth      54%        N/A       2%          4
 Sublimation of Blood     Necr           12%        N/A       3%          2
 Ignite Poison            Fire/Tmut/Pois 14%        N/A       5%          3
 Sticky Flame             Conj/Fire      12%        2d4       21%         4
 Irradiate                Conj/Tmut      7%         3d14      41%         5
 Ignition                 Fire           6%         3d4       100%        8


Dungeon Overview and Level Annotations

Branches:
Dungeon (10/15)            Temple (0/1) D:4            Lair (0/5) D:8
    Orc (0/2) D:9          Bailey (1/1)

Altars:
Cheibriados
Kikubaaqudgha
Ru
Yredelemnul
The Shining One
Jiyva
Lugonu

Portals:
Abyss: D:4

Annotations:
D:9 3 runed translucent doors, yakattack's ghost, journeyman KoBr


Innate Abilities, Weirdness & Mutations

You can breathe wild blasts of lightning.
Your glossy black scales are hard. (AC +7)
You cannot fit into any form of body armour.
You are resistant to electric shocks. (rElec)
You are cold-blooded and may be slowed by cold attacks.
Your mind is acute. (Int +4, Str/Dex -1)
You are somewhat resistant to further mutation.
You occasionally lose the ability to drink potions when taking damage.


Message History

The kobold brigand throws a curare-tipped dart.
The curare-tipped dart closely misses you.
You feel a surge of power!
The blast of sand hits the orc knight!
The orc knight is heavily wounded.
The kobold brigand throws a poisoned dart.
The poisoned dart hits you!
You are poisoned.
The orc knight hits you but does no damage.
The kobold brigand throws a curare-tipped dart.
The curare-tipped dart hits you.
You are more poisoned.
You have difficulty breathing.
You feel yourself slow down.
An orc warrior opens the door.
An orc warrior comes into view. It is wielding a +0 war axe.
The orc knight hits you with a +0 broad axe!
You feel threatened and lose the ability to drink potions!
* * * LOW HITPOINT WARNING * * *
You are too injured to fight recklessly!
You are too injured to fight recklessly!
You are too injured to fight recklessly!
* * * LOW HITPOINT WARNING * * *
You feel very sick.
The kobold brigand throws a poisoned dart.
The poisoned dart completely misses you.
The orc knight attacks as you move away!
The orc knight hits you with a +0 broad axe!
* * * LOW HITPOINT WARNING * * *
You can drink potions again.
* * * LOW HITPOINT WARNING * * *
You feel very sick.
The kobold brigand throws a curare-tipped dart.
The curare-tipped dart misses you.
The kobold brigand throws a poisoned dart.
The poisoned dart hits you.
You are more poisoned.
The kobold brigand throws a curare-tipped dart.
The curare-tipped dart completely misses you.
The orc knight hits you but does no damage.
A kobold brigand comes into view.
It is wielding a +0 war axe and quivering poisoned darts.
You die...

##..(..##
#...8...# ∩[o..!∩#
.....# ####)''####
##~.......~##
####~~..o....~~#
....~~.......K~.
.###~~..@....~~#
....~~.......~~K
.###~~.......~K##
....~~.......~~..
.###~~(((....~~###
....(~.......~~..
.###~~((.....~~###
....~~(......~~...
####~~.......~~#


You could see an orc knight, an orc warrior and 3 kobold brigands.

Vanquished Creatures
  A two-headed ogre (D:9)
  A deep elf pyromancer (D:9)
  A gargoyle (D:9)
  A kobold demonologist (D:9)
  Maggie (D:6)
  A hornet (D:8)
  A shadow (D:5)
  17 yaks
  A wyvern (D:8)
  A basilisk (D:8)
  3 wargs
  Menkaure (D:7)
  7 water moccasins
  4 orc warriors
  2 black bears (D:7)
  An ogre (D:6)
  3 centaurs
  A phantom (D:7)
  2 kobold brigands
  2 necrophages
  9 bullfrogs
  A gnoll sergeant (D:9)
  5 scorpions
  3 wights (D:8)
  7 howler monkeys
  An electric eel (D:6)
  6 jellies
  Crazy Yiuf (D:2)
  3 hounds
  6 orc priests
  3 iguanas
  Natasha (twice) (D:4)
  16 orc wizards
  Robin (D:3)
  7 gnolls
  7 adders
  A white imp (D:8)
  2 ufetubi
  2 worms
  A dart slug (D:1)
  41 orcs
  9 endoplasms
  3 giant cockroaches
  7 hobgoblins
  27 kobolds
  6 quokkas
  11 ball pythons
  6 bats
  4 frilled lizards
  16 goblins
  A rat (D:3)
  A lurking horror (D:4)
268 creatures vanquished.

Vanquished Creatures (others)
  4 bushes (D:8)
  3 fungi (D:8)
  19 plants (D:8)
26 creatures vanquished.

Grand Total: 294 creatures vanquished

Notes
Turn   | Place    | Note
-------+----------+-------------------------------------------
     0 | D:1      | bigbaby the Draconian Earth Elementalist began the quest
                  | for the Orb.
     0 | D:1      | Reached XP level 1. HP: 14/14 MP: 3/3
   397 | D:1      | Reached XP level 2. HP: 20/20 MP: 3/5
   753 | D:1      | Found a faded altar of an unknown god.
  1277 | D:2      | Reached XP level 3. HP: 26/26 MP: 4/6
  1684 | D:2      | Found a runed translucent door.
  1685 | D:2      | Noticed Crazy Yiuf
  1692 | D:2      | Killed Crazy Yiuf
  1693 | D:2      | Reached skill level 3 in Spellcasting
  1693 | D:2      | Reached XP level 4. HP: 33/33 MP: 4/8
  2082 | D:2      | Learned a level 2 spell: Passwall
  2258 | D:3      | Reached XP level 5. HP: 5/38 MP: 4/10
  2469 | D:3      | Reached skill level 4 in Spellcasting
  2912 | D:3      | Noticed Robin
  2926 | D:3      | Killed Robin
  2927 | D:3      | Reached XP level 6. HP: 45/45 MP: 1/12
  3063 | D:4      | Found a one-way gate to the infinite horrors of the Abyss.
  3063 | D:4      | Noticed Natasha
  3065 | D:4      | Killed Natasha
  3066 | D:4      | Reached skill level 5 in Earth Magic
  3103 | D:4      | Found a corrupted altar of Lugonu.
  3565 | D:4      | Noticed Natasha
  3570 | D:4      | Killed Natasha
  3571 | D:4      | Became a worshipper of Lugonu the Unformed
  3905 | D:4      | Found a staircase to the Ecumenical Temple.
  4077 | D:5      | Entered Level 5 of the Dungeon
  4081 | D:4      | Gained mutation: Your mind is acute. (Int +4, Str/Dex -1)
                  | [potion of mutation]
  4081 | D:4      | Gained mutation: You occasionally lose the ability to drink
                  | potions when taking damage. [potion of mutation]
  4081 | D:4      | Gained mutation: You are somewhat resistant to further
                  | mutation. [potion of mutation]
  4441 | D:5      | Reached skill level 5 in Spellcasting
  4441 | D:5      | Your scales start taking on a glossy black colour.
  4441 | D:5      | Reached XP level 7. HP: 50/50 MP: 12/14
  4441 | D:5      | Gained mutation: You are resistant to electric shocks.
                  | (rElec) [Black Draconian growth]
  4734 | D:5      | Reached skill level 1 in Evocations
  4957 | D:5      | Reached skill level 5 in Earth Magic
  4957 | D:5      | Reached skill level 1 in Invocations
  5594 | D:6      | Reached XP level 8. HP: 57/57 MP: 9/16
  5596 | D:6      | Reached skill level 6 in Spellcasting
  5661 | D:6      | Found a snail-covered altar of Cheibriados.
  5707 | D:6      | Reached * piety under Lugonu
  5721 | D:6      | Identified the +3 whip "Jellyslayer" {vamp, rCorr}
  6091 | D:6      | Reached skill level 7 in Spellcasting
  6229 | D:6      | Reached XP level 9. HP: 55/62 MP: 18/20
  6545 | D:6      | Noticed Maggie
  6554 | D:6      | Killed Maggie
  6554 | D:6      | Reached ** piety under Lugonu
  6954 | D:6      | Reached skill level 8 in Spellcasting
  7659 | D:7      | Noticed Menkaure
  7663 | D:7      | Killed Menkaure
  7975 | D:7      | Reached XP level 10. HP: 9/70 MP: 13/22
  8241 | D:7      | Found a glowing golden altar of the Shining One.
  8474 | D:7      | Reached skill level 1 in Fighting
  9244 | D:8      | Reached skill level 9 in Spellcasting
  9580 | D:8      | Reached *** piety under Lugonu
  9694 | D:8      | Found a staircase to the Lair.
  9950 | D:8      | Identified the +1 ring mail of Neip {Str+3} (You took it
                  | off a wight on level 8 of the Dungeon)
 10237 | D:8      | Identified the +5 tower shield "Luar" {rPois rF++ rC-
                  | Will+}
 10370 | D:8      | Found an ancient bone altar of Kikubaaqudgha.
 10373 | D:8      | Found a sacrificial altar of Ru.
 10800 | D:9      | Found a staircase to the Orcish Mines.
 10810 | D:8      | Reached skill level 5 in Evocations
 10969 | D:9      | Reached skill level 10 in Spellcasting
 10969 | D:9      | Reached skill level 5 in Invocations
 10979 | D:8      | Reached XP level 11. HP: 37/79 MP: 20/25
 11113 | D:9      | Noticed a two-headed ogre
 11129 | D:9      | Killed a two-headed ogre
 11285 | D:9      | Noticed a deep elf pyromancer
 11292 | D:9      | Killed a deep elf pyromancer
 11775 | D:9      | Found a runed translucent gate.
 11776 | D:9      | Found a runed translucent gate.
 11777 | D:9      | Found a runed translucent gate.
 11777 | D:9      | Noticed yakattack's ghost (journeyman KoBr)
 11779 | D:9      | Found a viscous altar of Jiyva.
 11825 | D:9      | Found a basalt altar of Yredelemnul.
 11928 | D:9      | Reached **** piety under Lugonu
 12155 | D:10     | Entered Level 10 of the Dungeon
 12526 | D:10     | Found a flagged portal.
 12536 | Bailey   | Entered a bailey
 12600 | Bailey   | Noticed an orc knight
 12608 | Bailey   | HP: 2/79 [poisoned by a kobold brigand (curare-tipped
                  | dart)]
 12609 | Bailey   | Succumbed to a kobold brigand's poison

Illustrated notes

Levels and vault maps discovered:
D:1:      psy_arrival_statuary, layout_basic, serial_rivers,
          chequers_serial_rivers_room_b, chequers_serial_rivers_small_a,
          chequers_serial_rivers_micro_d, chequers_serial_rivers_small_b,
          chequers_serial_rivers_small_a, basic_ecumenical_altar,
          chequers_serial_rivers_marsh
D:2:      layout_loops_ring, uniq_crazy_yiuf_cottage
D:3:      layout_rooms, uniq_robin
D:4:      layout_cave_pods, minmay_temple_entry_slanted,
          amcnicky_altar_lugonu_corruption, uniq_natasha
D:5:      layout_loops_corners
D:6:      cheibrodos_fzero, layout_layer_cave, mainiacjoe_overflow_24_doors,
          fountainhead, uniq_maggie
D:7:      black_bear_nest_2, layout_basic, mainiacjoe_overflow_catwalk,
          minmay_misc_feat_room, uniq_menkaure
D:8:      layout_layer_cave, minitemple, minmay_lair_entry_grove,
          nicolae_hexahallways, kennysheep_generic_room_4
D:9:      layout_basic, yredelemnul_altar_generic, minmay_orc_entry_guard_dogs,
          gammafunk_ghost_ooze
D:10:     layout_roguey, mainiacjoe_overflow_surrounded_room,
          nicolae_overflow_crystal_walls,
          chequers_temple_overflow_statue_of_worship, enter_bailey_1,
          hangedman_abyss_or_decor_stagger, minmay_the_grid_2x2
          [minmay_the_grid_minigrid_large, minmay_the_grid_minigrid_small,
          minmay_the_grid_eight, minmay_the_grid_prize_diamond_cup]
Bailey:   bailey_axe_3, bailey

Skill      XL: |  1  2  3  4  5  6  7  8  9 10 11 |
---------------+----------------------------------+-----
Stealth        | 2 3 |  3.6
Earth Magic    | 4 4 5 6 7 8 9 |  9.1
Spellcasting   | 3 4 5 7 8 10 | 10.6
Dodging        | 2 3 |  3.5
Evocations     | 2 3 4 5 |  5.3
Invocations    | 1 2 3 5 |  5.4
Fighting       | 1 |  1.9
Staves         | |  0.4
Transmutations | |  1.0

Action                   |  1- 3 |  4- 6 |  7- 9 | 10-12 || total
-------------------------+-------+-------+-------+-------++-------
Melee: Unarmed           |     1 |       |       |       ||     1
       Staff             |     7 |    10 |     2 |     3 ||    22
       Tailslap          |       |       |       |     1 ||     1
 Cast: Sandblast         |    48 |   112 |   103 |   153 ||   416
 Abil: Breathe Lightning |       |       |    18 |    18 ||    36
  Use: Scroll            |     5 |     4 |     6 |     4 ||    19
       Potion            |       |    10 |     1 |     2 ||    13
Armor: Skin              |     8 |    23 |    30 |    68 ||   129
Dodge: Dodged            |    16 |    17 |    68 |   102 ||   203

Table legend: (Time is in decaauts)
 A = Elapsed time spent in this place.
 B = Non-inter-level travel time spent in this place.
 C = Inter-level travel time spent in this place.
 D = Time resting spent in this place.
 E = Time spent auto-exploring this place.
 F = Levels seen in this place.
 G = Mean time per level.
                   A        B        C        D        E       F      G
               +--------+--------+--------+--------+--------+-----+--------+
         Total |  12823 |  12359 |    464 |    277 |  10594 |  11 | 1165.7 |
       Dungeon |  12742 |  12278 |    464 |    277 |  10544 |  10 | 1274.2 |
        Bailey |     80 |     80 |      0 |      0 |     50 |   1 |   80.0 |
               +--------+--------+--------+--------+--------+-----+--------+

Top non-repeatable levels by time:
     D:8: 2205 daAuts
     D:5: 1692 daAuts
     D:6: 1691 daAuts
     D:7: 1391 daAuts
     D:4: 1322 daAuts
     D:9: 1172 daAuts
     D:2: 1094 daAuts
     D:1: 1053 daAuts
     D:3: 958 daAuts
    D:10: 159 daAuts
  Bailey: 80 daAuts
